 Dungeon Crawl Stone Soup version 0.29-a0-1016-g236c7fd91e (webtiles) character file.

Game seed: 10355173376783354925

171 drpainis the Sneak (level 5, -3/25 HPs)
             Began as a Spriggan Enchanter on Aug 10, 2022.
             Slain by Duvessa
             ... wielding a +4 short sword of electrocution
              (8 damage)
             ... on level 4 of the Dungeon.
             The game lasted 00:04:21 (4723 turns).

drpainis the Sneak (Spriggan Enchanter)             Turns: 4723, Time: 00:04:22

Health: -3/25      AC:  2    Str:  4    XL:     5   Next: 26%
Magic:  10/11      EV: 17    Int: 19    God:
Gold:   237        SH:  0    Dex: 15    Spells: 3/11 levels left

rFire   x . .      SeeInvis +   k - +0 dagger (vamp)
rCold   + . .      Faith    .   (no shield)
rNeg    . . .      Spirit   .   b - +0 robe
rPois   .          Reflect  .   (helmet restricted)
rElec   .          Harm     .   (no cloak)
rCorr   .          Rampage  .   (gloves unavailable)
Will    .....                   (boots unavailable)
Stlth   +++.......              i - amulet of magic regeneration
HPRegen 0.08/turn               l - ring of wizardry
MPRegen 0.52/turn               r - ring of ice

@: very quick
A: very small, no large weapons, unfitting armour, see invisible, speed 3
a: no special abilities


You were on level 4 of the Dungeon.
You visited 1 branch of the dungeon, and saw 4 of its levels.

You collected 237 gold pieces.

Inventory:

Hand Weapons
 a - a +1 dagger
 k - a +0 vampiric dagger (weapon)
Armour
 b - a +0 robe (worn)
Magical Staves
 f - a staff of conjuration
Jewellery
 i - an amulet of magic regeneration (around neck)
 l - a ring of wizardry (left hand)
 r - a ring of ice (right hand)
Wands
 v - a wand of mindburst (13)
Scrolls
 d - a scroll of fear {unknown}
 e - a scroll of summoning {unknown}
 g - a scroll of amnesia {unknown}
 n - 2 scrolls of identify {unknown}
 p - a scroll of enchant armour {unknown}
 t - a scroll of vulnerability {unknown}
Potions
 c - 2 potions of invisibility
 h - a potion of mutation {unknown}
 j - a potion of curing {unknown}
 m - a potion of lignification {unknown}
 o - a potion of brilliance {unknown}
 q - a potion of flight {unknown}
 s - a potion of heal wounds {unknown}
 u - a potion of attraction {unknown}


   Skills:
 + Level 0.6 Fighting
 + Level 2.3 Short Blades
 + Level 3.1 Dodging
 + Level 6.2 Stealth
 + Level 3.8 Spellcasting
 + Level 4.4 Hexes
 + Level 0.9 Ice Magic


You had 3 spell levels left.
You knew the following spells:

 Your Spells              Type           Power      Damage    Failure   Level
a - Ensorcelled Hibernat  Hex/Ice        40%        N/A       2%          2
b - Confusing Touch       Hex            20%        N/A       2%          3
c - Tukima's Dance        Hex            20%        N/A       2%          3

Your spell library contained the following spells:

 Spells                   Type           Power      Damage    Failure   Level
 Shock                    Conj/Air       12%        1d3       6%          1
 Dazzling Flash           Conj/Hex       24%        N/A       7%          3
 Swiftness                Air            3%         N/A       16%         3
 Airstrike                Air            1%         2d(1-17)  45%         4


Dungeon Overview and Level Annotations

Branches:
Dungeon (4/15)
 Temple: D:4-7

Altars:
Uskayaw

Annotations:
D:4 Dowan, Duvessa


Innate Abilities, Weirdness & Mutations

You are very small and have problems with some larger weapons.
You are too small for most types of armour.
You have supernaturally acute eyesight. (SInv)
You cover ground extremely quickly. (Speed+++)


Message History

Duvessa is wielding a +4 short sword of electrocution.
Dowan is wielding a +0 dagger and carrying a wand of flame (18).
Dowan shouts!
There are monsters nearby!
There are monsters nearby!
There are monsters nearby!
Casting: Ensorcelled Hibernation (safe; 2% risk of failure)
Confirm with . or Enter, or press ? or * to list all spells.
Aiming: Ensorcelled Hibernation (safe; 2% risk of failure)
Press: ? - help, Shift-Dir - straight line, f - Duvessa
Aim: Duvessa, wielding a +4 short sword of electrocution and wearing a +0 chain mail (wandering, hasn't noticed you, chance to affect: 35%)
You feel a surge of power!
Duvessa shouts!
Duvessa easily resists.
Dowan gestures at Duvessa while chanting.
Duvessa seems to speed up.
Casting: Ensorcelled Hibernation (safe; 2% risk of failure)
Confirm with . or Enter, or press ? or * to list all spells.
Aiming: Ensorcelled Hibernation (safe; 2% risk of failure)
Press: ? - help, Shift-Dir - straight line, f/p - Duvessa
Aim: Duvessa, wielding a +4 short sword of electrocution and wearing a +0 chain mail (fast, chance to affect: 35%)
You feel a surge of power!
Duvessa looks drowsy...
The helpless Duvessa fails to defend herself.
You impale Duvessa!!
Duvessa is almost dead.
Duvessa hits you with a +4 short sword of electrocution!
Casting: Ensorcelled Hibernation (safe; 2% risk of failure)
Confirm with . or Enter, or press ? or * to list all spells.
Aiming: Ensorcelled Hibernation (safe; 2% risk of failure)
Press: ? - help, Shift-Dir - straight line, f - Dowan, p - Duvessa
Aim: Dowan, wielding a +0 dagger, wearing a +0 robe and carrying a wand of flame (18) (chance to affect: 52%)
You feel a surge of power!
Duvessa is unaffected.
Duvessa hits you with a +4 short sword of electrocution!
Dowan says, "Stay away from my face!"
Duvessa says, "My weaknesses are his strengths!"
There is a stone staircase leading up here.
Duvessa says, "When magic and the sword combine, nothing stands against them."
Duvessa hits you with a +4 short sword of electrocution!
* * * LOW HITPOINT WARNING * * *
Duvessa hits you with a +4 short sword of electrocution!
You die...

..........# #....# #.#
#.#. ###########
##..#.###.# #...
#...#...#.# ##...
#.#####.#.# ##†###
######...#...#.# ###.##
#
#........#.....####...#
#.######..e#####......#
# ########.## ##e##
#.##.##.### ..........#
#@# #.##.# #.[.
..........#
##.######.##.# ##..
#########.#
#.........##.# #.. #.#
#..#####..##.. #.. #.#
#).# #..###. #.. #.#
#..# #..# . ### #.#
#.... .... ^..# #.#
#...####..###..# #.#
#...####..###..#


You could see Duvessa (fast) and Dowan.

Vanquished Creatures
  A jelly (D:4)
  An iguana (D:4)
  A gnoll (D:1)
  6 adders
  A worm (D:4)
  3 bats (D:1)
  5 endoplasms
  A giant cockroach (D:1)
  8 goblins
  7 hobgoblins
  A jackal (D:3)
  3 quokkas
  3 ball pythons
  3 frilled lizards (D:1)
  4 kobolds (D:1)
48 creatures vanquished.

Vanquished Creatures (others)
  A plant (D:1)
1 creature vanquished.

Grand Total: 49 creatures vanquished

Notes
Turn   | Place    | Note
-------+----------+-------------------------------------------
     0 | D:1      | drpainis the Spriggan Enchanter began the quest for the
                  | Orb.
     0 | D:1      | Reached XP level 1. HP: 9/9 MP: 5/5
    22 | D:1      | Reached XP level 2. HP: 13/13 MP: 6/6
    55 | D:1      | Learned a level 2 spell: Ensorcelled Hibernation
   396 | D:1      | Reached skill level 5 in Stealth
   839 | D:1      | Reached XP level 3. HP: 12/16 MP: 5/8
  1936 | D:2      | Found a faded altar of an unknown god.
  2747 | D:2      | Learned a level 3 spell: Confusing Touch
  2751 | D:2      | Learned a level 3 spell: Tukima's Dance
  3220 | D:3      | Reached XP level 4. HP: 21/21 MP: 7/9
  3900 | D:3      | Found a hide-covered altar of Uskayaw.
  4622 | D:4      | Reached skill level 6 in Stealth
  4622 | D:4      | Reached XP level 5. HP: 25/25 MP: 9/11
  4711 | D:4      | Noticed Duvessa
  4711 | D:4      | Noticed Dowan
  4723 | D:4      | Slain by Duvessa

Illustrated notes

Levels and vault maps discovered:
D:1:      eino_arrival_druids_welcome, layout_basic
D:2:      layout_loops_ring, shapermc_ecumenical_altar_totnotflames,
          minmay_large_rounded_square
D:3:      layout_basic, nicolae_uskayaw_suspiria, st_stairs_6
D:4:      layout_loops_ring, uniq_duvessa

Skill      XL: |  1  2  3  4 |
---------------+-------------+-----
Hexes          | 4 |  4.4
Stealth        | 5 6 |  6.2
Spellcasting   | 3 |  3.8
Dodging        | 3 |  3.1
Short Blades   | 2 |  2.3
Fighting       | |  0.6
Ice Magic      | |  0.9

Action                   |  1- 3 |  4- 6 || total
-------------------------+-------+-------++-------
Melee: Dagger            |   102 |    24 ||   126
       Punch             |     1 |       ||     1
 Cast: Ensorcelled Hiber |    17 |     9 ||    26
 Stab: Sleeping          |    22 |    12 ||    34
Armor: Robe              |     8 |       ||     8
Dodge: Dodged            |    66 |     8 ||    74

Table legend: (Time is in decaauts)
 A = Elapsed time spent in this place.
 B = Non-inter-level travel time spent in this place.
 C = Inter-level travel time spent in this place.
 D = Time resting spent in this place.
 E = Time spent auto-exploring this place.
 F = Levels seen in this place.
 G = Mean time per level.
                   A        B        C        D        E       F      G
               +--------+--------+--------+--------+--------+-----+--------+
         Total |   3794 |   3679 |    115 |   2085 |   1150 |   4 |  948.5 |
       Dungeon |   3794 |   3679 |    115 |   2085 |   1150 |   4 |  948.5 |
               +--------+--------+--------+--------+--------+-----+--------+

Top non-repeatable levels by time:
     D:1: 1612 daAuts
     D:3: 845 daAuts
     D:2: 821 daAuts
     D:4: 514 daAuts
